 Dungeon Crawl Stone Soup version 0.29.0-4-gdea44cf6ec (webtiles) character file.

Game seed: 13525760712657557485

112248 Zeldest the Severer (level 16, 0/130 HPs)
             Began as a Mummy Fighter on Aug 27, 2022.
             Was an Initiate of Gozag.
             Slain by a deep troll (24 damage)
             ... on level 15 of the Dungeon.
             The game lasted 01:46:19 (54809 turns).

Zeldest the Severer (Mummy Fighter)                Turns: 54809, Time: 01:46:19

Health: 0/130      AC: 19    Str: 26    XL:     16   Next: 11%
Magic:  25/25      EV:  8    Int:  5    God:    Gozag
Gold:   2204       SH: 20    Dex: 12    Spells: 15/15 levels left

rFire   + + +      SeeInvis +   a - +6 broad axe
rCold   + + .      Faith    .   C - +4 kite shield {rC+ rF+}
rNeg    + + +      Spirit   .   w - +0 fire dragon scales
rPois   ∞          Reflect  +   t - +0 helmet {SInv}
rElec   .          Harm     .   g - scarf {rC+ rF+}
rCorr   +          Rampage  .   h - +3 Mad Mage's Maulers {Infuse+∞ RegenMP Int-3}
Will    ++...                   n - +0 pair of boots
Stlth   ..........              c - amulet of reflection
HPRegen 0.31/turn               o - ring of resist corrosion
MPRegen 0.59/turn               k - ring of magical power

@: brilliant, gold aura
A: cold resistance 1, negative energy resistance 3, torment resistance 2, heat
vulnerability 1, in touch with death 2, no potions
a: Renounce Religion, Potion Petition, Call Merchant, Bribe Branch


You were on level 15 of the Dungeon.
You worshipped Gozag.
Gozag was most pleased with you.
You visited 5 branches of the dungeon, and saw 24 of its levels.

You collected 9984 gold pieces.
You spent 1568 gold pieces at shops.
You paid 6212 gold pieces to Gozag.

Inventory:

Hand Weapons
 a - a +6 broad axe (weapon)
 b - a +2 hand axe of flaming
Missiles
 v - 4 curare-tipped darts (quivered)
Armour
 g - a scarf of resistance (worn)
 h - the +3 Mad Mage's Maulers (worn) {Infuse+∞ RegenMP Int-3}
   (You bought it in a shop on level 14 of the Dungeon)

   It empowers its wearer's blows with all of their magic.
   It causes its wearer's magical reserves to regenerate more quickly.
   Int:       It affects your intelligence (-3).
 n - a +0 pair of boots (worn)
 q - the +4 troll leather armour of the Lost Path {rElec Regen+ Str+3 Dex-4}
   (You found it on level 5 of the Lair of Beasts)

   Str:       It affects your strength (+3).
   Dex:       It affects your dexterity (-4).
   rElec:     It insulates you from electricity.
   Regen:     It increases your rate of health regeneration.
 t - a +0 helmet of see invisible (worn)
 w - +0 fire dragon scales (worn)
 C - a +4 kite shield of resistance (worn)
Magical Staves
 i - a staff of air
Jewellery
 c - an amulet of reflection (around neck)
 f - an amulet of the acrobat
 k - a ring of magical power (right hand)
 o - a ring of resist corrosion (left hand)
Wands
 j - a wand of flame (9)
 p - a wand of paralysis (5)
 r - a wand of roots (1)
Scrolls
 d - a scroll of teleportation
 e - 4 scrolls of immolation
 m - 4 scrolls of fog
 s - 2 scrolls of silence
 u - 3 scrolls of magic mapping
 y - a scroll of torment
 z - 5 scrolls of amnesia
Miscellaneous
 l - a condenser vane (inert)


   Skills:
 - Level 13.0 Fighting
 * Level 16.2 Axes
 - Level 11.1 Armour
 - Level 11.1 Shields
 - Level 5.0 Evocations


You had 15 spell levels left.
You didn't know any spells.
Your spell library contained the following spells:

 Spells                   Type           Power      Damage    Failure   Level
 Apportation              Tloc           0%         N/A       94%         1
 Freeze                   Ice            0%         1d3       94%         1
 Magic Dart               Conj           0%         1d3       94%         1
 Necrotise                Necr           0%         1d4       94%         1
 Sandblast                Erth           0%         2d4       94%         1
 Summon Small Mammal      Summ           0%         N/A       94%         1
 Ensorcelled Hibernation  Hex/Ice        0%         N/A       98%         2
 Passwall                 Tmut/Erth      0%         N/A       98%         2
 Conjure Flame            Conj/Fire      0%         6-21      100%        3
 Dazzling Flash           Conj/Hex       0%         N/A       100%        3
 Frozen Ramparts          Ice            0%         1d1       100%        3
 Ignite Poison            Fire/Tmut/Pois 0%         N/A       100%        3
 Mephitic Cloud           Conj/Pois/Air  0%         N/A       100%        3
 Stone Arrow              Conj/Erth      0%         3d7       100%        3
 Anguish                  Hex/Necr       0%         N/A       100%        4
 Dispel Undead            Necr           0%         3d6       100%        4
 Hailstorm                Conj/Ice       0%         3d3       100%        4
 Iskenderun's Mystic Bla  Conj/Tloc      0%         2d3       100%        4
 Sticky Flame             Conj/Fire      0%         2d3       100%        4
 Freezing Cloud           Conj/Ice/Air   0%         6-21      100%        5
 Iskenderun's Battlesphe  Conj           0%         2d6       100%        5
 Death Channel            Necr           0%         N/A       100%        6
 Iron Shot                Conj/Erth      0%         9d1       100%        6
 Starburst                Conj/Fire      0%         6d3       100%        6
 Enfeeble                 Hex            0%         N/A       100%        7
 Spellforged Servitor     Conj/Summ      0%         N/A       100%        7
 Infestation              Necr           0%         N/A       100%        8
 Spider Form              Tmut/Pois      Unusable   N/A       N/A         3
 Corpse Rot               Necr/Pois/Air  Unusable   N/A       N/A         4

Dungeon Overview and Level Annotations

Branches:
Dungeon (15/15)            Temple (0/1) D:7            Lair (5/5) D:11
  Swamp (1/4) Lair:2       Spider (0/4) Lair:2        Slime (0/5) Lair:5
    Orc (2/2) D:9             Elf (0/3) Orc:2        Vaults (0/5) D:14
 Depths (1/4) D:15

Altars:
Ashenzari
Gozag
Kikubaaqudgha
Makhleb
Nemelex Xobeh
Qazlal
Ru
Sif Muna
Trog
Vehumet
Jiyva

Shops:
D:2 [*[:   D:14 [   Orc:1 :   Orc:2 =?[*

Portals:
Pandemonium: Orc:2
Ziggurat: Depths:1
Trove: D:10 (give 2 scrolls of acquirement)

Annotations:
D:2 Natasha
D:5 Duvessa
D:8 2 transporters
D:11 1 runed translucent door, exclusions: 2 oklob plants and 76 more exclusions


Innate Abilities, Weirdness & Mutations

You are immune to poison.
Your flesh is cold resistant. (rC+)
You are immune to negative energy. (rN+++)
You are immune to unholy pain and torment.
You are vulnerable to heat. (rF-)
You are strongly in touch with the powers of death.
You do not drink.


Message History

You block the deep troll's attack.
The deep troll shaman closely misses you.
The deep troll shaman claws you!
* * * LOW HITPOINT WARNING * * *
The deep troll shaman claws you but does no damage.
The deep troll bites you but does no damage.
The deep troll claws you!!
* * * LOW HITPOINT WARNING * * *
The deep troll barely misses you.
You slice the deep troll shaman like a ripe choko!!!
You kill the deep troll shaman!
You slice the deep troll!! You block the deep troll's attack.
The deep troll closely misses you.
The deep troll claws you but does no damage. [a] - 448 gold - heal wounds, curing and magic [b] - 390 gold - haste and heal wounds [c] - 840 gold - heal wounds, curing, magic, might and resistance Purchase which effect?
You feel much better.
You feel better. Magic courses through your body.
The deep troll bites you but does no damage.
You block the deep troll's attack. x2; The deep troll bites you!
* * * LOW HITPOINT WARNING * * *
The deep troll closely misses you. You block the deep troll's attack.
You closely miss the deep troll.
The deep troll is moderately wounded.
You block the deep troll's attack.
The deep troll claws you but does no damage.
The deep troll claws you!
* * * LOW HITPOINT WARNING * * *
[a] - 312 gold - invisibility and might [b] - 220 gold - curing and magic [c] - 192 gold - heal wounds and curing Purchase which effect?
You feel much better.
You feel better. The deep troll bites you!
* * * LOW HITPOINT WARNING * * *
You block the deep troll's attack. x3
The deep troll claws you but does no damage.
The deep troll claws you!!
You die...
Your body crumbles into a pile of gold.

<..........#....................#
...........#....................#
...........#.P.............)....#
.#........#)8...P.PP..###..#...##
.#########......8.8....#########
..# #.......P8......# ..#
#.8.8.8..8......# ..#
##.....)$........# ..#
#......)@...8....# .##
##......(T...8...######## ##
#..8.....8.......#..#...##
#......P.....P.....#.....#
#.......P..........#.....#
#....P.........[...#.....#
#.........!........#.....#
##....#...#..###.#########
###############.####...##


You could see a deep troll (fast, strong).

Vanquished Creatures
  An iron giant (shapeshifter) (D:13)
  A sphinx (Depths:1)
  2 fire giants (D:15)
  An orc warlord (D:9)
  2 stone giants (D:15)
  2 very ugly things
  An eleionoma (Lair:2)
  A spark wasp (D:15)
  Josephine (D:13)
  Snorg (D:13)
  3 ettins
  A great orb of eyes (D:12)
  A rakshasa (D:15)
  An ice dragon (Depths:1)
  2 boulder beetles (D:13)
  4 catoblepae
  4 centaur warriors
  9 hydras
  Erica (D:8)
  4 two-headed ogres
  An ogre mage (D:14)
  3 alligators
  2 deep troll shamans (D:15)
  A vampire mage (D:15)
  4 tengu warriors
  A deep troll earth mage (D:15)
  8 death yaks
  A titan skeleton (D:15)
  4 orc high priests (Orc:2)
  A sun demon (Orc:2)
  A sixfirhy (Orc:2)
  5 skeletal warriors
  A glowing orange brain (D:15)
  2 deep trolls (Depths:1)
  Pikel (D:5)
  A wizard (D:14)
  A necromancer (D:15)
  5 orc knights
  4 deep elf pyromancers
  An ugly thing (Depths:1)
  3 cyclopes
  9 orc sorcerers (Orc:2)
  A manticore (Lair:5)
  13 elephants
  A stone giant skeleton (D:15)
  A frost giant skeleton (D:15)
  A torpor snail (D:9)
  5 black mambas
  An orange demon (Orc:2)
  An unseen horror (D:12)
  A gargoyle (D:13)
  17 cane toads
  5 rime drakes
  12 komodo dragons
  An ice devil (Orc:2)
  2 freezing wraiths
  A guardian mummy (D:15)
  2 kobold demonologists (D:13)
  3 tengu conjurers
  A queen bee (D:9)
  11 trolls
  4 hornets
  A wolf spider simulacrum (D:14)
  Grinder (D:5)
  7 blink frogs
  A tyrant leech (Lair:2)
  7 slime creatures (D:15)
  Sigmund (D:2)
  2 shadows
  9 water elementals
  47 yaks
  5 wyverns
  4 wraiths
  A neqoxec (Orc:2)
  3 steam dragons
  4 basilisks
  9 vampire mosquitoes
  A warg (Orc:1)
  A tengu skeleton (D:15)
  15 water moccasins
  3 acid dragons
  33 orc warriors
  A floating eye (D:13)
  2 sky beasts
  2 black bears
  3 ice beasts
  6 ogres
  14 wolves
  7 centaurs
  2 phantoms
  3 lemures (D:5)
  3 kobold brigands
  14 bullfrogs
  A scorpion (D:5)
  A gnoll sergeant (D:12)
  Dowan (D:5)
  4 wights
  43 killer bees
  2 howler monkeys
  9 electric eels
  4 hounds
  30 orc priests
  A gnoll bouda (D:3)
  Natasha (D:2)
  3 iguanas
  29 orc wizards
  Robin (D:2)
  11 gnolls
  5 adders
  3 white imps
  An ufetubus (D:5)
  A worm (D:5)
  3 dart slugs
  104 orcs
  5 ball pythons
  9 bats
  6 endoplasms
  5 giant cockroaches
  15 hobgoblins
  13 jackals
  13 kobolds
  5 quokkas
  2 frilled lizards
  8 goblins
  4 rats
742 creatures vanquished.

Vanquished Creatures (others)
  Nessos (D:13)
  A spark wasp (Depths:1)
  A wizard (D:9)
  A manticore (Lair:5)
  An orc wizard (D:3)
  A bush (Lair:2)
  43 fungi
  55 plants
  A withered plant (D:15)
105 creatures vanquished.

Grand Total: 847 creatures vanquished

Notes
Turn   | Place    | Note
-------+----------+-------------------------------------------
     0 | D:1      | Zeldest the Mummy Fighter began the quest for the Orb.
     0 | D:1      | Reached XP level 1. HP: 18/18 MP: 1/1
   141 | D:1      | Reached XP level 2. HP: 13/24 MP: 2/2
   440 | D:1      | Reached skill level 2 in Axes
  1107 | D:2      | Gained mutation: You are in touch with the powers of death.
                  | [Mummy growth]
  1107 | D:2      | Reached XP level 3. HP: 29/29 MP: 3/3
  1108 | D:2      | Noticed Robin
  1123 | D:2      | Killed Robin
  1286 | D:2      | Found Ashriubb's Book Boutique.
  1400 | D:2      | Found Luuqo's Assorted Antiques.
  1418 | D:2      | Bought a small amethyst amulet for 100 gold pieces
  1418 | D:2      | Bought a scroll labelled VOIPO UKLU for 20 gold pieces
  1586 | D:2      | Noticed Sigmund
  1594 | D:2      | Killed Sigmund
  1595 | D:2      | Reached skill level 3 in Axes
  1595 | D:2      | Reached XP level 4. HP: 37/37 MP: 4/4
  1595 | D:2      | Reached XP level 5. HP: 42/42 MP: 5/5
  1710 | D:2      | Found Kideeblupuakk's Armour Shop.
  1864 | D:2      | Found Anarugek's Armour Emporium.
  1922 | D:2      | Noticed Natasha
  1934 | D:2      | Killed Natasha
  2198 | D:2      | Noticed Natasha
  2238 | D:3      | Reached XP level 6. HP: 48/48 MP: 6/6
  2363 | D:3      | Found an ancient bone altar of Kikubaaqudgha.
  2423 | D:3      | Found a radiant altar of Vehumet.
  2960 | D:3      | Got Vehumet's Papyrus of Battle Magic
  2971 | D:3      | Found a shimmering blue altar of Sif Muna.
  3401 | D:4      | Reached skill level 4 in Axes
  3656 | D:3      | Reached XP level 7. HP: 52/55 MP: 7/7
  4809 | D:5      | Entered Level 5 of the Dungeon
  4885 | D:5      | Identified a scroll of acquirement
  4886 | D:5      | Acquired 1133 gold pieces
  4928 | D:5      | Noticed Grinder
  5449 | D:5      | Reached skill level 5 in Fighting
  5449 | D:5      | Reached skill level 5 in Axes
  5475 | D:4      | Reached XP level 8. HP: 55/62 MP: 8/8
  5792 | D:5      | Identified the +8 long sword of Gilahef {freeze, Int+4}
  5799 | D:5      | Killed Grinder
  5801 | D:5      | Noticed Pikel
  5875 | D:5      | Killed Pikel
  5876 | D:5      | Reached skill level 6 in Axes
  6144 | D:5      | Noticed Dowan
  6145 | D:5      | Noticed Duvessa
  6163 | D:6      | Reached skill level 5 in Shields
  6685 | D:7      | Reached skill level 5 in Armour
  6685 | D:7      | Reached XP level 9. HP: 64/69 MP: 9/9
  6994 | D:5      | Killed Dowan
  7170 | D:2      | Bought a +0 helmet of see invisible for 126 gold pieces
  7645 | D:6      | Found a stormy altar of Qazlal.
  7645 | D:6      | Found a broken altar of Ashenzari.
  8056 | D:6      | Found an opulent altar of Gozag.
  8225 | D:6      | Became a worshipper of Gozag Ym Sagoz the Greedy
  8353 | D:6      | Reached skill level 7 in Axes
  8553 | D:7      | Identified the +6 dagger of Batesaw {vorpal, +Blink}
  8577 | D:7      | Found a staircase to the Ecumenical Temple.
  9822 | D:8      | Noticed Erica
 10087 | D:8      | Reached skill level 1 in Evocations
 10110 | D:8      | Reached XP level 10. HP: 50/79 MP: 10/10
 10111 | D:8      | Found a sparkling altar of Nemelex Xobeh.
 10411 | D:8      | Noticed a tengu warrior
 10411 | D:8      | Noticed a centaur warrior
 10413 | D:8      | Found a sacrificial altar of Ru.
 10421 | D:8      | Got the Spellbook of Flamy Despicable Deeds
 10471 | D:8      | Found a transporter.
 10861 | D:8      | Noticed a two-headed ogre
 10865 | D:8      | Killed a two-headed ogre
 10866 | D:8      | Reached skill level 8 in Axes
 11230 | D:8      | Killed Erica
 11320 | D:8      | Found a transporter.
 11320 | D:8      | Noticed Psyche
 11323 | D:8      | Noticed Psyche
 11323 | D:8      | Psyche changed into Psyche the wolf
 11330 | D:8      | Killed Psyche the wolf
 11702 | D:9      | Found a bloodstained altar of Trog.
 11704 | D:9      | Noticed a wizard
 11709 | D:9      | Killed a wizard
 12422 | D:9      | You fall into a shaft and drop 1 floor!
 12422 | D:10     | Entered Level 10 of the Dungeon
 12705 | D:9      | Noticed a two-headed ogre
 12710 | D:9      | Noticed a torpor snail
 12710 | D:9      | a two-headed ogre changed into a torpor snail
 12719 | D:9      | Killed a torpor snail
 12720 | D:9      | Reached skill level 9 in Axes
 13022 | D:9      | Reached XP level 11. HP: 77/86 MP: 11/11
 13402 | D:9      | Found a staircase to the Orcish Mines.
 13554 | D:10     | HP: 4/86 [troll (10)]
 14776 | D:10     | Found a portal to a secret trove of treasure.
 16148 | D:11     | Noticed a deep elf pyromancer
 16153 | D:11     | Killed a deep elf pyromancer
 16296 | D:11     | Noticed an oklob plant
 16387 | D:11     | Found a runed translucent door.
 16390 | D:11     | Found a burning altar of Makhleb.
 16390 | D:11     | Noticed a sixfirhy
 16407 | D:11     | Noticed a five-headed hydra
 16420 | D:11     | Killed a one-headed hydra
 16747 | D:11     | Noticed an oklob plant
 17796 | D:11     | Found a staircase to the Lair.
 17810 | Lair:1   | Entered Level 1 of the Lair of Beasts
 18425 | Lair:1   | Reached skill level 10 in Axes
 19289 | Lair:1   | Reached XP level 12. HP: 94/95 MP: 12/12
 19360 | Lair:1   | Noticed an eight-headed hydra
 21407 | Lair:2   | Reached skill level 5 in Evocations
 21710 | Lair:3   | Noticed a seven-headed hydra
 21720 | Lair:3   | Killed a seven-headed hydra
 21721 | Lair:3   | Reached skill level 11 in Axes
 23354 | Lair:4   | Noticed a catoblepas
 23412 | Lair:4   | Noticed a five-headed hydra
 23536 | Lair:4   | Reached skill level 10 in Fighting
 24126 | Orc:1    | Entered Level 1 of the Orcish Mines
 24126 | Orc:1    | Found Araroos's Book Emporium.
 24682 | Orc:2    | Entered Level 2 of the Orcish Mines
 25337 | Orc:2    | Found a staircase to the Elven Halls.
 25579 | Orc:2    | Noticed an ettin
 25621 | Orc:2    | Killed an ettin
 26524 | Orc:2    | Gained mutation: You are strongly in touch with the powers
                  | of death. [Mummy growth]
 26524 | Orc:2    | Reached XP level 13. HP: 100/103 MP: 13/13
 27756 | D:13     | Noticed Snorg
 27773 | D:12     | Noticed a spark wasp
 27773 | D:12     | a boulder beetle changed into a spark wasp
 27774 | D:12     | a spark wasp changed into a great orb of eyes
 30738 | D:13     | Reached skill level 12 in Axes
 31305 | D:13     | Identified the +1 ring mail of Wisdom {rPois Str+6}
 31578 | D:13     | Noticed Josephine
 31813 | D:13     | Killed Josephine
 31825 | D:13     | Noticed Nessos
 32350 | D:13     | Killed Snorg
 32439 | D:13     | Killed Nessos
 33579 | D:13     | Noticed an acid blob
 34325 | D:14     | Found a gate to the Vaults.
 34853 | D:14     | Reached XP level 14. HP: 89/113 MP: 14/14
 34974 | D:14     | Identified the +3 leather armour of the Viny God {rC+}
 35269 | D:13     | Noticed an iron giant
 35269 | D:13     | an acid blob changed into an iron giant
 35273 | D:13     | Killed an iron giant
 35274 | D:13     | Reached skill level 13 in Axes
 37329 | Lair:2   | Found a staircase to the Swamp.
 37340 | Lair:2   | Found a hole to the Spider Nest.
 38011 | Lair:4   | Reached skill level 10 in Armour
 38374 | Lair:4   | Reached skill level 10 in Shields
 39022 | Lair:5   | Entered Level 5 of the Lair of Beasts
 39922 | Lair:5   | Found a viscous altar of Jiyva.
 39922 | Lair:5   | Found a staircase to the Slime Pits.
 40836 | Lair:5   | Reached skill level 14 in Axes
 42965 | Lair:5   | Identified the +4 troll leather armour of the Lost Path
                  | {rElec Regen+ Str+3 Dex-4}
 43008 | Lair:5   | HP: 5/115 [catoblepas (26)]
 43243 | Lair:5   | Acquired 902 gold pieces
 43350 | Lair:5   | Reached XP level 15. HP: 51/122 MP: 15/15
 44110 | D:15     | Entered Level 15 of the Dungeon
 44513 | D:15     | Identified the +1 robe of Supple Strength {Harm rElec
                  | Int+2}
 44569 | D:15     | Found a staircase to the Depths.
 45029 | D:14     | Bought the +3 Mad Mage's Maulers {Infuse+∞ RegenMP Int-3}
                  | for 720 gold pieces
 45029 | D:14     | Found the +3 Mad Mage's Maulers {Infuse+∞ RegenMP Int-3}
 46718 | Orc:2    | Noticed an orc warlord
 46953 | Orc:2    | Found Gumask's General Store.
 47632 | D:9      | Killed an orc warlord
 47994 | Orc:2    | Found Eshuf's Magic Scroll Shoppe.
 48185 | Orc:2    | Bought a scroll of teleportation for 42 gold pieces
 48185 | Orc:2    | Bought a condenser vane for 560 gold pieces
 49244 | Orc:2    | Reached skill level 15 in Axes
 49324 | Orc:2    | Paralysed by an orc sorcerer for 2 turns
 49398 | Orc:2    | Found Fofaneci's Antique Armour Boutique.
 49398 | Orc:2    | Found Byc Qid's Jewellery Shop.
 49399 | Orc:2    | Found a one-way gate leading to the halls of Pandemonium.
 50705 | Swamp:1  | Entered Level 1 of the Swamp
 51392 | Swamp:1  | Noticed a fenstrider witch
 52013 | Depths:1 | Entered Level 1 of the Depths
 52013 | Depths:1 | Noticed a fire giant
 52013 | Depths:1 | Noticed a sphinx
 52166 | D:15     | Killed a fire giant
 52356 | Depths:1 | Killed a sphinx
 52357 | Depths:1 | Found an ancient bone altar of Kikubaaqudgha.
 53545 | Depths:1 | Found a one-way gateway to a ziggurat.
 53817 | Depths:1 | Reached XP level 16. HP: 92/130 MP: 1/16
 53992 | Depths:1 | Reached skill level 16 in Axes
 54809 | D:15     | Slain by a deep troll

Illustrated notes

Levels and vault maps discovered:
D:1:      tarquinn_simple_flora_water_c, layout_basic
D:2:      layout_basic, serial_shops, shop, shop_fountains,
          nicolae_shop_overgrown_old_shop, nicolae_lakefront_shop, uniq_sigmund,
          uniq_natasha, uniq_robin
D:3:      layout_basic, palyth_temple_overflow_mages
D:4:      layout_loops_ring
D:5:      layout_basic, uniq_pikel, uniq_grinder, uniq_duvessa
D:6:      layout_loops_cross, mainiacjoe_overflow_alcove_2,
          gammafunk_temple_overflow_wave, kennysheep_generic_room_9
D:7:      layout_gridville, minmay_temple_entry_large_hall
D:8:      layout_basic, gammafunk_temple_overflow_arena, uniq_erica, uniq_psyche
D:9:      layout_rooms, trog_wizard, hiddenorc1_lemuel, minivault_7
D:10:     layout_basic, nicolae_trove_entry_diagonal
D:11:     layout_stronghold, dpeg_oklobed_lair, nzn_makhleb_speed_demon
D:12:     layout_basic
D:13:     kennysheep_blocky_room, layout_basic, nicolae_figureground_pulse,
          uniq_josephine, uniq_nessos, uniq_snorg
D:14:     layout_basic, david_vaults_2
D:15:     gammafunk_depths_entry_grave, layout_gridville,
          hangedman_decor_peaks_small
Lair:1:   layout_hall_layers, grunt_megastairs_4, lemuel_fruit_tree
Lair:2:   layout_misc_corridors, minmay_swamp_entry_reptiles,
          spider_nest_entry_web_field, beast_lair_carwin_9
Lair:3:   layout_cave_pods, dreamdust_mushroom_princess, patterned_corridor,
          grunt_megastairs_3
Lair:4:   layout_regular_city, serial_bayou_shore_a
Lair:5:   evilmike_catoblepas_cave, layout_cellular_growth,
          dpeg_slime_entry_corner
Swamp:1:  layout_falls_marsh, nicolae_swamp_little_swirl
Orc:1:    layout_caves, serial_shops, shop
Orc:2:    pf_orc_diabolical, layout_diamond_mine
Depths:1: mu_elemental_laboratory, layout_cave_shapes, enter_ziggurat_b,
          nicolae_kikubaaqudgha_miasma_corner, hellmouth_1,
          nicolae_shop_overcharged_wands

Skill      XL: |  1  2  3  4  5  6  7  8  9 10 11 12 13 14 15 16 |
---------------+-------------------------------------------------+-----
Axes           | 2 3 4 5 6 7 9 10 11 12 14 15 16 | 16.2
Armour         | 3 4 5 6 7 8 9 10 11 | 11.1
Shields        | 3 4 5 6 7 8 9 10 11 | 11.1
Fighting       | 4 5 6 7 9 10 11 12 13 | 13.0
Evocations     | 1 3 4 5 |  5.0

Action                   |  1- 3 |  4- 6 |  7- 9 | 10-12 | 13-15 | 16-18 || total
-------------------------+-------+-------+-------+-------+-------+-------++-------
Melee: War axe           |    85 |       |       |       |       |       ||    85
       Broad axe         |    12 |   164 |    78 |       |  1210 |    29 ||  1493
       Whip              |       |       |   135 |       |       |       ||   135
       Long sword        |       |       |   187 |   897 |   164 |       ||  1248
       Scimitar          |       |       |       |    14 |       |       ||    14
       Hand axe          |       |       |       |       |    46 |       ||    46
Throw: Dart              |       |       |       |       |     9 |       ||     9
       Throwing net      |       |       |       |       |     1 |       ||     1
Invok: Potion Petition   |       |       |       |     6 |     8 |     3 ||    17
       Call Merchant     |       |       |       |       |     1 |       ||     1
Evoke: Wand              |     3 |       |     5 |    62 |    46 |       ||   116
       Condenser vane    |       |       |       |       |     1 |       ||     1
  Use: Scroll            |       |     6 |    13 |    10 |    17 |       ||    46
 Stab: Distracted        |       |       |     2 |     3 |    11 |       ||    16
       Paralysed         |       |       |       |    10 |    11 |       ||    21
       Invisible         |       |       |       |     1 |       |       ||     1
       Petrifying        |       |       |       |     1 |       |       ||     1
Armor: Scale mail        |    59 |   122 |   205 |    35 |       |       ||   421
       Plate armour      |       |       |       |   483 |       |       ||   483
       Fire dragon scale |       |       |       |   123 |   414 |    16 ||   553
Dodge: Dodged            |    54 |    99 |   240 |   399 |   316 |    14 ||  1122
Block: Buckler           |    25 |    45 |   105 |   167 |       |       ||   342
       Kite shield       |       |       |       |   335 |  1199 |    42 ||  1576
       Reflection        |       |       |       |       |    29 |       ||    29
